 Dungeon Crawl Stone Soup version 0.25.1-1-g288607f (webtiles) character file.

Game seed: 16576505727977621305

47 Ayyar the Vexing (level 3, 0/25 HPs)
             Began as a Gnoll Wanderer on Aug 22, 2020.
             Slain by a worker ant (6 damage)
             ... on level 3 of the Dungeon.
             The game lasted 00:08:42 (2931 turns).

Ayyar the Vexing (Gnoll Wanderer)                   Turns: 2931, Time: 00:08:42

Health: 0/25       AC:  2    Str: 16    XL:     3   Next: 70%
Magic:  3/4        EV: 13    Int: 12    God:
Gold:   166        SH:  0    Dex: 15    Spells: 2/3 levels left

rFire    . . .     SeeInvis .   a - +0 dagger
rCold    . . .     Gourm    .   (no shield)
rNeg     . . .     Faith    .   e - +0 robe
rPois    .         Spirit   .   (no helmet)
rElec    .         Reflect  .   (no cloak)
rCorr    .         Harm     .   (no gloves)
MR       .....                  (no boots)
Stlth    ++........             n - amulet of the acrobat
HPRegen  0.08/turn              (no ring)
MPRegen  0.09/turn              (no ring)

@: lethally poisoned (0 -> -10), stab
A: distributed training, fangs 1, strong nose
a: no special abilities


You were on level 3 of the Dungeon.
You were hungry.

You visited 1 branch of the dungeon, and saw 3 of its levels.

You collected 166 gold pieces.

Inventory:

Hand Weapons
 a - a +0 dagger (weapon)
Missiles
 c - 9 poisoned darts (quivered)
 j - 6 boomerangs
 s - 3 silver javelins
Armour
 b - a +0 ring mail
 e - a +0 robe (worn)
 p - a cursed +0 robe
Jewellery
 n - an amulet of the acrobat (around neck)
Scrolls
 d - a scroll of remove curse {unknown}
 g - a scroll of amnesia {unknown}
 h - a scroll of noise {unknown}
 k - a scroll of enchant weapon {unknown}
 l - a scroll of teleportation {unknown}
 m - 2 scrolls of identify {unknown}
 q - a scroll of magic mapping {unknown}
 r - a scroll of fear {unknown}
 t - 3 scrolls of immolation {unknown}
Potions
 o - a potion of curing {unknown}
Comestibles
 f - 4 rations


   Skills:
 + Level 0.9 Fighting
 + Level 0.9 Short Blades
 + Level 2.6 Long Blades
 + Level 0.9 Axes
 + Level 0.9 Maces & Flails
 + Level 0.9 Polearms
 + Level 0.9 Staves
 + Level 0.9 Slings
 + Level 0.9 Bows
 + Level 0.9 Crossbows
 + Level 2.6 Throwing
 + Level 0.9 Armour
 + Level 2.6 Dodging
 + Level 2.4 Stealth
 + Level 2.6 Shields
 + Level 0.9 Unarmed Combat
 + Level 0.9 Spellcasting
 + Level 0.6 Conjurations
 + Level 5.4 Hexes
 + Level 0.6 Charms
 + Level 0.6 Summonings
 + Level 0.6 Necromancy
 + Level 0.6 Translocations
 + Level 0.6 Transmutations
 + Level 0.6 Fire Magic
 + Level 0.6 Ice Magic
 + Level 3.8 Air Magic
 + Level 0.6 Earth Magic
 + Level 0.6 Poison Magic
 + Level 1.0 Invocations
 + Level 0.9 Evocations


You had 2 spell levels left.
You knew the following spells:

 Your Spells              Type           Power        Failure   Level  Hunger
a - Corona                Hex            ##.....      3%          1    ##.....

Your spell library contained the following spells:

 Spells                   Type           Power        Failure   Level  Hunger
 Ensorcelled Hibernation  Hex/Ice        #.....       13%         2    ###....
 Foxfire                  Conj/Fire      #...         24%         1    ##.....
 Confusing Touch          Hex            ##......     10%         3    ####...
 Tukima's Dance           Hex            ##......     10%         3    ####...
 Dazzling Flash           Conj/Hex       #.....       26%         3    ####...
 Inner Flame              Hex/Fire       #.......     26%         3    ####...


Dungeon Overview and Level Annotations

Branches:
Dungeon (3/15)

Altars:


Innate Abilities, Weirdness & Mutations

Your experience applies equally to all skills.
You have very sharp teeth.
Your uncanny sense of smell can sniff out nearby items.


Message History

The worker ant is lightly wounded.
The worker ant bites you.
You are too injured to fight recklessly!
You are too injured to fight recklessly!
You are too injured to fight recklessly!
You are too injured to fight recklessly!
Casting: Corona (safe; 3% risk of failure)
Confirm with . or Enter, or press ? or * to list all spells.
Aiming: Corona (safe; 3% risk of failure)
Press: ? - help, Shift-Dir - straight line, f - worker ant
Aim: a worker ant (lightly wounded, chance to defeat MR: 58%)
The worker ant struggles to resist.
You feel sick. The worker ant bites you.
* * * LOW HITPOINT WARNING * * *
You are lethally poisoned!
The worker ant poisons you!
It was a potion of stabbing.
You feel ready to backstab.
* * * LOW HITPOINT WARNING * * *
You feel sick. The worker ant bites you.
You die...

# # #. ∆ ..#.#
.....##### ###
##......... #..
........a.# #.# #.#
#.###@# #^# #..
#.#...# ###.#
#[###.#.#.# #.<.#
#.#.....#..#
#.######.#.#.###....
#.####...........##.#
....##...#.#.###.# .#
....##...#.....#.# #
.........###.#.#.#


You could see a worker ant.

Vanquished Creatures
  An ooze (D:3)
  3 leopard geckos
  2 giant cockroaches (D:1)
  2 goblins (D:2)
  7 hobgoblins
  4 kobolds
  7 bats
  3 frilled lizards (D:1)
  11 rats
40 creatures vanquished.

Notes
Turn   | Place    | Note
-------+----------+-------------------------------------------
     0 | D:1      | Ayyar the Gnoll Wanderer began the quest for the Orb.
     0 | D:1      | Ayyar set off with the following items: a +0 dagger, 9
                  | poisoned darts, a +0 robe, a ration; and the following
                  | spells available to memorise: Corona, Confusing Touch,
                  | Tukima's Dance, Ensorcelled Hibernation, Foxfire, Dazzling
                  | Flash, Inner Flame
     0 | D:1      | Reached XP level 1. HP: 13/13 MP: 1/1
   244 | D:1      | Reached XP level 2. HP: 15/19 MP: 2/2
   471 | D:1      | Learned a level 1 spell: Corona
  1011 | D:1      | Reached XP level 3. HP: 20/25 MP: 3/3
  2764 | D:3      | Reached skill level 1 in Invocations
  2931 | D:3      | Slain by a worker ant

Illustrated notes

Levels and vault maps discovered:
D:1:      heliophobic_arrival_enchanted_forest, layout_basic,
          minmay_rat_gold_closets
D:2:      layout_basic, minmay_tromino_v4_c
D:3:      layout_loops_ring, first_ration, minmay_misc_feat_roman

Skill      XL: |  1  2  3 |
---------------+----------+-----
Invocations    | 1 |  1.0
Fighting       | |  0.9
Short Blades   | |  0.9
Long Blades    | |  2.6
Axes           | |  0.9
Maces & Flails | |  0.9
Polearms       | |  0.9
Staves         | |  0.9
Slings         | |  0.9
Bows           | |  0.9
Crossbows      | |  0.9
Throwing       | |  2.6
Armour         | |  0.9
Dodging        | |  2.6
Stealth        | |  2.4
Shields        | |  2.6
Unarmed Combat | |  0.9
Spellcasting   | |  0.9
Conjurations   | |  0.6
Hexes          | |  5.4
Charms         | |  0.6
Summonings     | |  0.6
Necromancy     | |  0.6
Translocations | |  0.6
Transmutations | |  0.6
Fire Magic     | |  0.6
Ice Magic      | |  0.6
Air Magic      | |  3.8
Earth Magic    | |  0.6
Poison Magic   | |  0.6
Evocations     | |  0.9

Action                   || total
-------------------------++-------
Melee: Dagger            ||   188
       Bite              ||    14
       Punch             ||     1
Throw: Dart              ||     6
 Cast: Corona            ||    12
  Use: Potion            ||     1
 Stab: Sleeping          ||     8
  Eat: Chunk             ||     6
Armor: Robe              ||    32
Dodge: Dodged            ||   151
